Lightning vs Capitals

Created - December 1 2007 at 11:34

Goals
1 2 3 OT1 SO T
Lightning 0 1 0 0 2 2
Capitals 0 0 1 0 0 1
Shots
1 2 3 OT1 SO T
Lightning 6 4 5 1 3 16
Capitals 10 17 16 0 2 43

Period #1

No Goal

Penalties :
Ryane Clowe (WSH) for Slashing (Minor) at 6:08, Richard Zednik (WSH) for High sticking (Minor) at 14:10, Trent Hunter (WSH) for Hooking (Minor) at 16:04, Vincent Lecavalier (TBL) for Roughing (Minor) at 16:04

Period #2

1. Lightning , Jaromir Jagr 17 (Vincent Lecavalier, Brad Richards) at 11:14 (PP)

Penalties :
David Vyborny (WSH) for Tripping (Minor) at 1:40, Tim Taylor (TBL) for Tripping (Minor) at 3:44, Tim Taylor (TBL) for Holding (Minor) at 5:49, Trent Hunter (WSH) for High sticking (Minor) at 11:00, Tim Taylor (TBL) for Hooking (Minor) at 16:43

Period #3

2. Capitals , Alexander Semin 12 (Ryane Clowe, Alexander Ovechkin) at 5:13 (PP)

Penalties :
Alexander Ovechkin (WSH) for Holding Stick (Minor) at 0:13, Dimitry Afanasenkov (TBL) for Roughing (Double Minor) at 3:42, Bryan Muir (WSH) for Tripping (Minor) at 18:47

Overtime #1

No Goal

Penalties :
Matt Pettinger (WSH) for Slashing (Minor) at 4:42

Shootout

Penalty Shot by Vincent Lecavalier for Lightning - Goal!
Penalty Shot by Alexander Semin for Capitals - Stopped by Martin Gerber
Penalty Shot by Eric Lindros for Lightning - Shot Misses the Net
Penalty Shot by Alexander Ovechkin for Capitals - Stopped by Martin Gerber
Penalty Shot by Dimitry Afanasenkov for Lightning - Goal!

Penalties :
No Penalty

Goalie Stats

Martin Gerber (TBL), 42 saves from 43 shots - (0.977), W, 13-11-4, 65:00 minutes
Fredrik Norrena (WSH), 15 saves from 16 shots - (0.938), OTL, 8-5-2, 65:00 minutes

Players Stats

Lightning
Player Name              G  A  P  +/- PIM S  H  SB FO MP 
-----------------------------------------------------------
Antti Laaksonen          0  0  0   0  0   0  0  0  1  10 
Brad Richards            0  1  1   0  0   2  0  0  25 25 
Carlo Colaiacovo         0  0  0   0  0   0  1  2  0  25 
Chris Phillips           0  0  0   0  0   0  2  4  0  27 
Dimitry Afanasenkov      0  0  0   0  4   0  3  0  7  21 
Eric Brewer              0  0  0   0  0   0  0  0  0  3  
Eric Lindros             0  0  0   0  0   2  0  1  5  20 
Jaromir Jagr             1  0  1   0  0   5  2  1  4  25 
Jay Pandolfo             0  0  0   0  0   1  1  1  3  17 
Mats Sundin              0  0  0   0  0   1  3  1  24 19 
Nolan Pratt              0  0  0   0  0   0  0  0  0  22 
Pierre Turgeon           0  0  0   0  0   1  0  0  1  5  
Ruslan Fedotenko         0  0  0   0  0   0  0  0  0  2  
Tim Taylor               0  0  0   0  6   0  1  1  10 14 
Tom Poti                 0  0  0   0  0   2  3  2  0  27 
Vaclav Prospal           0  0  0   0  0   1  0  0  0  13 
Vincent Lecavalier       0  1  1   0  2   1  4  0  6  26 
Willie Mitchell          0  0  0   0  0   0  0  1  0  24 
Capitals
Player Name              G  A  P  +/- PIM S  H  SB FO MP 
-----------------------------------------------------------
Adrian Aucoin            0  0  0   0  0   0  2  1  0  19 
Alexander Ovechkin       0  1  1   0  2   8  3  0  1  22 
Alexander Semin          1  0  1   0  0   6  0  0  1  21 
Ben Clymer               0  0  0   0  0   2  1  1  0  22 
Brian Pothier            0  0  0   0  0   1  0  3  0  15 
Brian Sutherby           0  0  0   0  0   1  3  0  16 17 
Bryan Muir               0  0  0   0  2   1  1  0  0  19 
Chris Clark              0  0  0   0  0   6  3  0  1  21 
Dainius Zubrus           0  0  0   0  0   2  3  0  24 17 
David Vyborny            0  0  0   0  2   3  5  0  27 22 
Jeff Schultz             0  0  0   0  0   0  1  0  0  20 
Matt Cooke               0  0  0   0  0   0  1  0  0  6  
Matt Pettinger           0  0  0   0  2   0  0  0  0  7  
Richard Zednik           0  0  0   0  2   3  1  0  7  17 
Ryane Clowe              0  1  1   0  2   5  5  1  6  22 
Shaone Morrisonn         0  0  0   0  0   2  1  0  0  25 
Steve Eminger            0  0  0   0  0   0  0  2  0  9  
Trent Hunter             0  0  0   0  4   3  5  0  3  24 

3 Stars

1 - Martin Gerber (TBL)
2 - Jaromir Jagr (TBL)
3 - Ryane Clowe (WSH)

Power Play

Lightning - 1 on 7 Attempt(s) - 14.29%
Capitals - 1 on 4 Attempt(s) - 25.00%

Penalty Kill

Lightning - 3 on 4 Attempt(s) - 75.00% - Score 0 goal in Penalty Kill
Capitals - 6 on 7 Attempt(s) - 85.71% - Score 0 goal in Penalty Kill

Game Notes

Eric Brewer is injured at 6:08 of 1st period (Knee)
Trent Hunter is injured at 18:07 of 3rd period (Knee)

Finance

Level 1 -- Attendance: 4138 (63.66%) -- Ticket Income $413,800.00
Level 2 -- Attendance: 3395 (61.73%) -- Ticket Income $203,700.00
Level 3 -- Attendance: 1584 (63.38%) -- Ticket Income $55,440.00
Level 4 -- Attendance: 3932 (87.38%) -- Ticket Income $78,640.00
Luxury Box -- Attendance: 877 (87.70%) -- Ticket Income $175,400.00
Game was played at the MCI Center
Total Attendance: 13926 (69.63%)
Total Ticket Income: $1,002,794.00
Other Income: $125,719.80
Total Income: $1,128,514.00


Play by Play

Period #1

0:01 of 1st period - Chris Clark wins face-off versus Brad Richards in neutral zone.
0:06 of 1st period - Shot by David Vyborny.
0:06 of 1st period - Shot Misses the Net.
0:08 of 1st period - Shot by Chris Clark.
0:08 of 1st period - Stopped by Martin Gerber without a rebound.
0:09 of 1st period - Mats Sundin wins face-off versus Dainius Zubrus in Lightning zone.
0:47 of 1st period - Mats Sundin is hit by Dainius Zubrus and loses puck.
1:01 of 1st period - Off-side.
1:02 of 1st period - David Vyborny wins face-off versus Tim Taylor in neutral zone.
1:02 of 1st period - David Vyborny is hit by Jay Pandolfo.
1:57 of 1st period - Dimitry Afanasenkov is hit by Richard Zednik and loses puck.
2:04 of 1st period - Jay Pandolfo is hit by Jeff Schultz and loses puck.
2:22 of 1st period - Eric Brewer is hit by Ryane Clowe and loses puck.
2:28 of 1st period - Richard Zednik is hit by Dimitry Afanasenkov and loses puck.
3:10 of 1st period - Dainius Zubrus is hit by Tom Poti and loses puck.
3:41 of 1st period - Shot by Alexander Ovechkin.
3:41 of 1st period - Stopped by Martin Gerber without a rebound.
3:42 of 1st period - Mats Sundin wins face-off versus Brian Sutherby in Lightning zone.
4:06 of 1st period - Shot by Eric Lindros.
4:06 of 1st period - Stopped by Fredrik Norrena without a rebound.
4:07 of 1st period - David Vyborny wins face-off versus Mats Sundin in Capitals zone.
4:31 of 1st period - Vaclav Prospal is hit by Chris Clark and loses puck.
4:48 of 1st period - Shot by David Vyborny.
4:48 of 1st period - Stopped by Martin Gerber without a rebound.
4:49 of 1st period - Dainius Zubrus wins face-off versus Brad Richards in Lightning zone.
5:13 of 1st period - Shot by Trent Hunter.
5:13 of 1st period - Shot Misses the Net.
5:19 of 1st period - Brian Pothier is hit by Vincent Lecavalier and loses puck.
6:07 of 1st period - Eric Brewer is hit by Ryane Clowe and loses puck.
6:08 of 1st period - Minor Penalty to Ryane Clowe for Slashing.
6:08 of 1st period - Eric Brewer from Lightning is injured at 6:08 of 1st period (Knee).
6:09 of 1st period - Mats Sundin wins face-off versus Brian Sutherby in Capitals zone.
6:27 of 1st period - Mats Sundin is hit by Alexander Ovechkin and loses puck.
6:32 of 1st period - Shot by Mats Sundin.
6:32 of 1st period - Deflect By Jaromir Jagr.
6:32 of 1st period - Stopped by Fredrik Norrena without a rebound.
6:33 of 1st period - Dainius Zubrus wins face-off versus Brad Richards in Capitals zone.
6:46 of 1st period - Shot by Tom Poti.
6:46 of 1st period - Stopped by Fredrik Norrena without a rebound.
6:47 of 1st period - Brian Sutherby wins face-off versus Brad Richards in Capitals zone.
7:16 of 1st period - Shot by Vincent Lecavalier.
7:16 of 1st period - Shot Blocked by Steve Eminger.
8:07 of 1st period - Icing by Chris Phillips.
8:08 of 1st period - Dimitry Afanasenkov wins face-off versus David Vyborny in Lightning zone.
8:26 of 1st period - Tim Taylor is hit by Chris Clark and loses puck.
9:05 of 1st period - Richard Zednik is hit by Dimitry Afanasenkov and loses puck.
9:15 of 1st period - Jay Pandolfo is hit by Brian Sutherby and loses puck.
9:21 of 1st period - Adrian Aucoin is hit by Carlo Colaiacovo and loses puck.
9:54 of 1st period - Dainius Zubrus is hit by Tom Poti and loses puck.
10:16 of 1st period - Brad Richards is hit by Alexander Ovechkin and loses puck.
10:32 of 1st period - Chris Clark is hit by Vincent Lecavalier and loses puck.
10:45 of 1st period - Shot by David Vyborny.
10:45 of 1st period - Shot Misses the Net.
11:05 of 1st period - Shot by Vaclav Prospal.
11:05 of 1st period - Shot Misses the Net.
11:07 of 1st period - Shot by Pierre Turgeon.
11:07 of 1st period - Stopped by Fredrik Norrena without a rebound.
11:08 of 1st period - Mats Sundin wins face-off versus Dainius Zubrus in Capitals zone.
12:20 of 1st period - Carlo Colaiacovo is hit by Brian Sutherby and loses puck.
13:23 of 1st period - Shot by Brad Richards.
13:23 of 1st period - Stopped by Fredrik Norrena without a rebound.
13:24 of 1st period - Eric Lindros wins face-off versus Brian Sutherby in Capitals zone.
13:25 of 1st period - Shot by Mats Sundin.
13:25 of 1st period - Stopped by Fredrik Norrena without a rebound.
13:26 of 1st period - David Vyborny wins face-off versus Mats Sundin in Capitals zone.
13:47 of 1st period - Shot by Chris Clark.
13:47 of 1st period - Stopped by Martin Gerber without a rebound.
13:48 of 1st period - Vincent Lecavalier wins face-off versus Brian Sutherby in Lightning zone.
13:48 of 1st period - Vincent Lecavalier is hit by Brian Sutherby.
13:51 of 1st period - Tom Poti is hit by Adrian Aucoin and loses puck.
14:10 of 1st period - Minor Penalty to Richard Zednik for High sticking.
14:11 of 1st period - Mats Sundin wins face-off versus Dainius Zubrus in Capitals zone.
14:32 of 1st period - Shot by Alexander Ovechkin.
14:32 of 1st period - Stopped by Martin Gerber with a rebound.
14:34 of 1st period - Shot by Shaone Morrisonn.
14:34 of 1st period - Shot Blocked by Mats Sundin.
14:38 of 1st period - Shot by Brian Pothier.
14:38 of 1st period - Stopped by Martin Gerber without a rebound.
14:39 of 1st period - Dainius Zubrus wins face-off versus Brad Richards in Lightning zone.
15:26 of 1st period - Icing by Carlo Colaiacovo.
15:27 of 1st period - Dainius Zubrus wins face-off versus Brad Richards in Lightning zone.
15:28 of 1st period - Shot by Trent Hunter.
15:28 of 1st period - Shot Misses the Net.
15:30 of 1st period - Shot by Bryan Muir.
15:30 of 1st period - Stopped by Martin Gerber with a rebound.
15:34 of 1st period - Shot by Dainius Zubrus.
15:34 of 1st period - Stopped by Martin Gerber with a rebound.
16:04 of 1st period - Minor Penalty to Trent Hunter for Hooking.
16:04 of 1st period - Minor Penalty to Vincent Lecavalier for Roughing.
16:05 of 1st period - Brian Sutherby wins face-off versus Mats Sundin in Lightning zone.
16:12 of 1st period - Shot by David Vyborny.
16:12 of 1st period - Stopped by Martin Gerber without a rebound.
16:13 of 1st period - Mats Sundin wins face-off versus David Vyborny in Lightning zone.
16:13 of 1st period - Mats Sundin is hit by David Vyborny.
16:40 of 1st period - Icing by Adrian Aucoin.
16:41 of 1st period - Dimitry Afanasenkov wins face-off versus David Vyborny in Capitals zone.
16:54 of 1st period - Off-side.
16:55 of 1st period - Eric Lindros wins face-off versus David Vyborny in neutral zone.
17:23 of 1st period - Shot by Dimitry Afanasenkov.
17:23 of 1st period - Shot Misses the Net.
17:54 of 1st period - Shot by Ben Clymer.
17:54 of 1st period - Stopped by Martin Gerber without a rebound.
17:55 of 1st period - Richard Zednik wins face-off versus Pierre Turgeon in Lightning zone.
17:57 of 1st period - Chris Clark is hit by Tom Poti.
18:18 of 1st period - Brian Pothier is hit by Tim Taylor and loses puck.
18:32 of 1st period - Off-side.
18:33 of 1st period - David Vyborny wins face-off versus Tim Taylor in neutral zone.
18:44 of 1st period - Shot by Alexander Ovechkin.
18:44 of 1st period - Deflect By David Vyborny.
18:44 of 1st period - Shot Misses the Net.
18:58 of 1st period - Shot by Chris Clark.
18:58 of 1st period - Shot Blocked by Tim Taylor.
19:17 of 1st period - Icing by Carlo Colaiacovo.
19:18 of 1st period - Tim Taylor wins face-off versus Dainius Zubrus in Lightning zone.
19:24 of 1st period - Vincent Lecavalier is hit by Trent Hunter and loses puck.

Period #2

0:01 of 2nd period - David Vyborny wins face-off versus Brad Richards in neutral zone.
0:06 of 2nd period - Shot by Chris Clark.
0:06 of 2nd period - Stopped by Martin Gerber with a rebound.
0:10 of 2nd period - Shot by Alexander Ovechkin.
0:10 of 2nd period - Stopped by Martin Gerber without a rebound.
0:11 of 2nd period - Trent Hunter wins face-off versus Mats Sundin in Lightning zone.
0:33 of 2nd period - Mats Sundin is hit by Bryan Muir.
0:51 of 2nd period - Shot by Eric Lindros.
0:51 of 2nd period - Shot Blocked by Brian Pothier.
0:55 of 2nd period - Shot by Mats Sundin.
0:55 of 2nd period - Deflect By Vaclav Prospal.
0:55 of 2nd period - Shot Misses the Net.
1:40 of 2nd period - Minor Penalty to David Vyborny for Tripping.
1:41 of 2nd period - Brian Sutherby wins face-off versus Brad Richards in Capitals zone.
1:57 of 2nd period - Brad Richards is hit by Shaone Morrisonn and loses puck.
2:02 of 2nd period - Shot by Tom Poti.
2:02 of 2nd period - Stopped by Fredrik Norrena without a rebound.
2:03 of 2nd period - Mats Sundin wins face-off versus Brian Sutherby in Capitals zone.
2:17 of 2nd period - Shot by Eric Lindros.
2:17 of 2nd period - Stopped by Fredrik Norrena without a rebound.
2:18 of 2nd period - Mats Sundin wins face-off versus Brian Sutherby in Capitals zone.
3:44 of 2nd period - Minor Penalty to Tim Taylor for Tripping.
3:45 of 2nd period - Dimitry Afanasenkov wins face-off versus David Vyborny in neutral zone.
5:31 of 2nd period - Chris Clark is hit by Dimitry Afanasenkov and loses puck.
5:49 of 2nd period - Minor Penalty to Tim Taylor for Holding.
5:50 of 2nd period - David Vyborny wins face-off versus Vincent Lecavalier in Capitals zone.
6:32 of 2nd period - Shot by Shaone Morrisonn.
6:32 of 2nd period - Shot Misses the Net.
6:34 of 2nd period - Shot by Alexander Semin.
6:34 of 2nd period - Stopped by Martin Gerber with a rebound.
6:36 of 2nd period - Shot by Shaone Morrisonn.
6:36 of 2nd period - Deflect By Alexander Ovechkin.
6:36 of 2nd period - Stopped by Martin Gerber with a rebound.
6:38 of 2nd period - Shot by Shaone Morrisonn.
6:38 of 2nd period - Stopped by Martin Gerber without a rebound.
6:39 of 2nd period - Vincent Lecavalier wins face-off versus Ryane Clowe in Lightning zone.
6:58 of 2nd period - Trent Hunter is hit by Vincent Lecavalier and loses puck.
7:20 of 2nd period - Brad Richards is hit by Trent Hunter and loses puck.
7:42 of 2nd period - Icing by Adrian Aucoin.
7:43 of 2nd period - Vincent Lecavalier wins face-off versus David Vyborny in Capitals zone.
7:45 of 2nd period - Jay Pandolfo is hit by David Vyborny.
8:29 of 2nd period - Shot by Alexander Ovechkin.
8:29 of 2nd period - Stopped by Martin Gerber with a rebound.
8:38 of 2nd period - Off-side.
8:39 of 2nd period - Brad Richards wins face-off versus Dainius Zubrus in neutral zone.
8:41 of 2nd period - Off-side.
8:42 of 2nd period - Brad Richards wins face-off versus Brian Sutherby in neutral zone.
8:44 of 2nd period - Jaromir Jagr is hit by Ryane Clowe and loses puck.
9:29 of 2nd period - Shot by David Vyborny.
9:29 of 2nd period - Stopped by Martin Gerber without a rebound.
9:30 of 2nd period - Mats Sundin wins face-off versus Dainius Zubrus in Lightning zone.
9:37 of 2nd period - Shot by Alexander Semin.
9:37 of 2nd period - Shot Misses the Net.
9:41 of 2nd period - Shot by Alexander Semin.
9:41 of 2nd period - Shot Misses the Net.
9:43 of 2nd period - Shot by Dainius Zubrus.
9:43 of 2nd period - Stopped by Martin Gerber without a rebound.
9:44 of 2nd period - Dimitry Afanasenkov wins face-off versus David Vyborny in Lightning zone.
10:32 of 2nd period - Icing by Mats Sundin.
10:33 of 2nd period - Dainius Zubrus wins face-off versus Mats Sundin in Lightning zone.
10:40 of 2nd period - Shot by Alexander Semin.
10:40 of 2nd period - Shot Misses the Net.
10:59 of 2nd period - Brad Richards is hit by Trent Hunter and loses puck.
11:00 of 2nd period - Minor Penalty to Trent Hunter for High sticking.
11:01 of 2nd period - Dainius Zubrus wins face-off versus Brad Richards in Capitals zone.
11:12 of 2nd period - Shot by Vincent Lecavalier.
11:12 of 2nd period - Shot Misses the Net.
11:14 of 2nd period - Shot by Vincent Lecavalier.
11:14 of 2nd period - Deflect By Jaromir Jagr.
11:14 of 2nd period - Goal by Jaromir Jagr - Lightning : 1 - Capitals : 0.
11:15 of 2nd period - Richard Zednik wins face-off versus Tim Taylor in neutral zone.
12:15 of 2nd period - Shot by Chris Clark.
12:15 of 2nd period - Stopped by Martin Gerber without a rebound.
12:16 of 2nd period - Brad Richards wins face-off versus Trent Hunter in Lightning zone.
12:18 of 2nd period - Jaromir Jagr is hit by Trent Hunter and loses puck.
12:39 of 2nd period - Shot by Brad Richards.
12:39 of 2nd period - Deflect By Jaromir Jagr.
12:39 of 2nd period - Shot Misses the Net.
12:44 of 2nd period - Vincent Lecavalier is hit by Trent Hunter and loses puck.
12:59 of 2nd period - Carlo Colaiacovo is hit by Dainius Zubrus and loses puck.
13:08 of 2nd period - Shot by Mats Sundin.
13:08 of 2nd period - Shot Misses the Net.
13:14 of 2nd period - Shot by Vaclav Prospal.
13:14 of 2nd period - Stopped by Fredrik Norrena without a rebound.
13:15 of 2nd period - Tim Taylor wins face-off versus David Vyborny in Capitals zone.
14:18 of 2nd period - Shot by Ryane Clowe.
14:18 of 2nd period - Shot Blocked by Jaromir Jagr.
14:22 of 2nd period - Shot by Richard Zednik.
14:22 of 2nd period - Stopped by Martin Gerber without a rebound.
14:23 of 2nd period - Mats Sundin wins face-off versus Brian Sutherby in Lightning zone.
14:27 of 2nd period - Icing by Vaclav Prospal.
14:28 of 2nd period - Brian Sutherby wins face-off versus Mats Sundin in Lightning zone.
14:28 of 2nd period - Richard Zednik is hit by Mats Sundin.
14:46 of 2nd period - Shot by Brian Sutherby.
14:46 of 2nd period - Stopped by Martin Gerber with a rebound.
14:51 of 2nd period - Icing by Carlo Colaiacovo.
14:52 of 2nd period - Dainius Zubrus wins face-off versus Eric Lindros in Lightning zone.
14:57 of 2nd period - Shot by Alexander Semin.
14:57 of 2nd period - Shot Blocked by Carlo Colaiacovo.
14:59 of 2nd period - Shot by Trent Hunter.
14:59 of 2nd period - Deflect By Alexander Semin.
14:59 of 2nd period - Stopped by Martin Gerber without a rebound.
15:00 of 2nd period - Dainius Zubrus wins face-off versus Brad Richards in Lightning zone.
15:05 of 2nd period - Shot by Trent Hunter.
15:05 of 2nd period - Stopped by Martin Gerber without a rebound.
15:06 of 2nd period - Jay Pandolfo wins face-off versus David Vyborny in Lightning zone.
15:06 of 2nd period - Tom Poti is hit by David Vyborny and loses puck.
15:10 of 2nd period - Nolan Pratt is hit by Ben Clymer and loses puck.
15:15 of 2nd period - Shot by Tim Taylor.
15:15 of 2nd period - Shot Misses the Net.
15:17 of 2nd period - Shot by Tom Poti.
15:17 of 2nd period - Shot Hit the Post.
15:21 of 2nd period - Shot by Jay Pandolfo.
15:21 of 2nd period - Shot Misses the Net.
15:23 of 2nd period - Shot by Tom Poti.
15:23 of 2nd period - Shot Blocked by Ben Clymer.
15:35 of 2nd period - Shot by Tom Poti.
15:35 of 2nd period - Shot Misses the Net.
15:38 of 2nd period - Tim Taylor is hit by David Vyborny and loses puck.
16:36 of 2nd period - Shot by Richard Zednik.
16:36 of 2nd period - Shot Misses the Net.
16:38 of 2nd period - Shot by Ryane Clowe.
16:38 of 2nd period - Stopped by Martin Gerber without a rebound.
16:39 of 2nd period - Dainius Zubrus wins face-off versus Tim Taylor in Lightning zone.
16:43 of 2nd period - Minor Penalty to Tim Taylor for Hooking.
16:44 of 2nd period - Alexander Ovechkin wins face-off versus Jaromir Jagr in neutral zone.
16:44 of 2nd period - Alexander Ovechkin is hit by Chris Phillips.
17:28 of 2nd period - Shot by Ben Clymer.
17:28 of 2nd period - Stopped by Martin Gerber without a rebound.
17:29 of 2nd period - Vincent Lecavalier wins face-off versus Ryane Clowe in Lightning zone.
17:38 of 2nd period - Nolan Pratt is hit by Chris Clark and loses puck.
17:47 of 2nd period - Shot by Ben Clymer.
17:47 of 2nd period - Shot Blocked by Willie Mitchell.
17:55 of 2nd period - Shot by Chris Clark.
17:55 of 2nd period - Deflect By Ryane Clowe.
17:55 of 2nd period - Shot Misses the Net.
17:57 of 2nd period - Shot by Matt Pettinger.
17:57 of 2nd period - Shot Blocked by Jay Pandolfo.
18:15 of 2nd period - Shot by Alexander Semin.
18:15 of 2nd period - Stopped by Martin Gerber without a rebound.
18:16 of 2nd period - Richard Zednik wins face-off versus Jaromir Jagr in Lightning zone.
18:45 of 2nd period - Shot by Richard Zednik.
18:45 of 2nd period - Stopped by Martin Gerber without a rebound.
18:46 of 2nd period - Tim Taylor wins face-off versus Dainius Zubrus in Lightning zone.
19:51 of 2nd period - Shot by Mats Sundin.
19:51 of 2nd period - Shot Blocked by Ryane Clowe.
19:53 of 2nd period - Shot by Chris Phillips.
19:53 of 2nd period - Deflect By Eric Lindros.
19:53 of 2nd period - Shot Blocked by Adrian Aucoin.
19:55 of 2nd period - Shot by Vaclav Prospal.
19:55 of 2nd period - Shot Misses the Net.

Period #3

0:01 of 3rd period - Tim Taylor wins face-off versus Brian Sutherby in neutral zone.
0:01 of 3rd period - Chris Phillips is hit by Ryane Clowe and loses puck.
0:06 of 3rd period - Shot by Richard Zednik.
0:06 of 3rd period - Shot Blocked by Chris Phillips.
0:10 of 3rd period - Shot by Ryane Clowe.
0:10 of 3rd period - Deflect By Richard Zednik.
0:10 of 3rd period - Stopped by Martin Gerber without a rebound.
0:11 of 3rd period - Eric Lindros wins face-off versus David Vyborny in Lightning zone.
0:13 of 3rd period - Minor Penalty to Alexander Ovechkin for Holding Stick.
0:14 of 3rd period - Brian Sutherby wins face-off versus Brad Richards in neutral zone.
0:50 of 3rd period - Shot by Chris Phillips.
0:50 of 3rd period - Shot Misses the Net.
0:52 of 3rd period - Shot by Tom Poti.
0:52 of 3rd period - Deflect By Vincent Lecavalier.
0:52 of 3rd period - Stopped by Fredrik Norrena without a rebound.
0:53 of 3rd period - Mats Sundin wins face-off versus Dainius Zubrus in Capitals zone.
0:54 of 3rd period - Shot by Jaromir Jagr.
0:54 of 3rd period - Stopped by Fredrik Norrena without a rebound.
0:55 of 3rd period - Dainius Zubrus wins face-off versus Mats Sundin in Capitals zone.
1:26 of 3rd period - Shot by Mats Sundin.
1:26 of 3rd period - Shot Misses the Net.
1:50 of 3rd period - Shot by Vincent Lecavalier.
1:50 of 3rd period - Shot Blocked by Brian Pothier.
1:52 of 3rd period - Shot by Carlo Colaiacovo.
1:52 of 3rd period - Shot Misses the Net.
1:58 of 3rd period - Shot by Tom Poti.
1:58 of 3rd period - Shot Blocked by Brian Pothier.
2:00 of 3rd period - Shot by Brad Richards.
2:00 of 3rd period - Stopped by Fredrik Norrena without a rebound.
2:01 of 3rd period - Mats Sundin wins face-off versus Dainius Zubrus in Capitals zone.
2:13 of 3rd period - Icing by Willie Mitchell.
2:14 of 3rd period - Dainius Zubrus wins face-off versus Brad Richards in Lightning zone.
2:33 of 3rd period - Shot by Trent Hunter.
2:33 of 3rd period - Stopped by Martin Gerber without a rebound.
2:34 of 3rd period - Dainius Zubrus wins face-off versus Brad Richards in Lightning zone.
3:19 of 3rd period - Icing by Ryane Clowe.
3:20 of 3rd period - Dimitry Afanasenkov wins face-off versus Ryane Clowe in Capitals zone.
3:21 of 3rd period - Shot by Jaromir Jagr.
3:21 of 3rd period - Shot Blocked by Steve Eminger.
3:42 of 3rd period - Double Minor Penalty to Dimitry Afanasenkov for Roughing.
3:43 of 3rd period - Tim Taylor wins face-off versus David Vyborny in Lightning zone.
3:49 of 3rd period - Icing by David Vyborny.
3:50 of 3rd period - Tim Taylor wins face-off versus David Vyborny in Capitals zone.
4:44 of 3rd period - Shot by Alexander Ovechkin.
4:44 of 3rd period - Stopped by Martin Gerber with a rebound.
4:46 of 3rd period - Shot by Shaone Morrisonn.
4:46 of 3rd period - Stopped by Martin Gerber without a rebound.
4:47 of 3rd period - Jaromir Jagr wins face-off versus Ryane Clowe in Lightning zone.
4:47 of 3rd period - Jaromir Jagr is hit by Ryane Clowe.
5:05 of 3rd period - Alexander Semin is hit by Chris Phillips.
5:13 of 3rd period - Shot by Alexander Semin.
5:13 of 3rd period - Goal by Alexander Semin - Lightning : 1 - Capitals : 1.
5:14 of 3rd period - Jay Pandolfo wins face-off versus David Vyborny in neutral zone.
5:25 of 3rd period - Shot by Matt Pettinger.
5:25 of 3rd period - Deflect By Chris Clark.
5:25 of 3rd period - Stopped by Martin Gerber without a rebound.
5:26 of 3rd period - David Vyborny wins face-off versus Jaromir Jagr in Lightning zone.
7:30 of 3rd period - Shot by Ryane Clowe.
7:30 of 3rd period - Stopped by Martin Gerber with a rebound.
7:32 of 3rd period - Shot by Ryane Clowe.
7:32 of 3rd period - Stopped by Martin Gerber without a rebound.
7:33 of 3rd period - Richard Zednik wins face-off versus Brad Richards in Lightning zone.
7:34 of 3rd period - Shot by Alexander Ovechkin.
7:34 of 3rd period - Shot Misses the Net.
7:44 of 3rd period - Shot by Jaromir Jagr.
7:44 of 3rd period - Stopped by Fredrik Norrena without a rebound.
7:45 of 3rd period - Richard Zednik wins face-off versus Brad Richards in Capitals zone.
7:58 of 3rd period - Shot by Chris Clark.
7:58 of 3rd period - Stopped by Martin Gerber without a rebound.
7:59 of 3rd period - Brad Richards wins face-off versus David Vyborny in Lightning zone.
7:59 of 3rd period - Brad Richards is hit by Alexander Ovechkin.
8:42 of 3rd period - Shot by Richard Zednik.
8:42 of 3rd period - Shot Misses the Net.
8:46 of 3rd period - Shot by Ryane Clowe.
8:46 of 3rd period - Stopped by Martin Gerber without a rebound.
8:47 of 3rd period - Trent Hunter wins face-off versus Dimitry Afanasenkov in Lightning zone.
8:58 of 3rd period - Shot by Vincent Lecavalier.
8:58 of 3rd period - Shot Misses the Net.
9:12 of 3rd period - Shot by Trent Hunter.
9:12 of 3rd period - Deflect By Alexander Semin.
9:12 of 3rd period - Shot Blocked by Tom Poti.
9:16 of 3rd period - Shot by Trent Hunter.
9:16 of 3rd period - Shot Blocked by Tom Poti.
9:18 of 3rd period - Shot by Matt Cooke.
9:18 of 3rd period - Shot Misses the Net.
9:20 of 3rd period - Shot by Matt Cooke.
9:20 of 3rd period - Shot Blocked by Carlo Colaiacovo.
9:27 of 3rd period - Icing by Tom Poti.
9:28 of 3rd period - Vincent Lecavalier wins face-off versus David Vyborny in Lightning zone.
9:53 of 3rd period - Shot by Jay Pandolfo.
9:53 of 3rd period - Stopped by Fredrik Norrena without a rebound.
9:54 of 3rd period - Ryane Clowe wins face-off versus Mats Sundin in Capitals zone.
9:54 of 3rd period - Ryane Clowe is hit by Mats Sundin.
10:00 of 3rd period - Trent Hunter is hit by Mats Sundin and loses puck.
10:07 of 3rd period - Shot by Richard Zednik.
10:07 of 3rd period - Shot Misses the Net.
10:15 of 3rd period - Shot by Ryane Clowe.
10:15 of 3rd period - Shot Misses the Net.
10:19 of 3rd period - Shot by Trent Hunter.
10:19 of 3rd period - Stopped by Martin Gerber without a rebound.
10:20 of 3rd period - Brad Richards wins face-off versus David Vyborny in Lightning zone.
10:40 of 3rd period - Shot by Alexander Ovechkin.
10:40 of 3rd period - Shot Misses the Net.
10:42 of 3rd period - Shot by Shaone Morrisonn.
10:42 of 3rd period - Shot Misses the Net.
10:46 of 3rd period - Shot by Alexander Ovechkin.
10:46 of 3rd period - Shot Misses the Net.
11:02 of 3rd period - Ryane Clowe is hit by Vincent Lecavalier and loses puck.
12:25 of 3rd period - Shot by Alexander Ovechkin.
12:25 of 3rd period - Shot Misses the Net.
12:39 of 3rd period - Shot by Mats Sundin.
12:39 of 3rd period - Deflect By Jay Pandolfo.
12:39 of 3rd period - Shot Misses the Net.
12:41 of 3rd period - Shot by Mats Sundin.
12:41 of 3rd period - Shot Misses the Net.
13:09 of 3rd period - Shot by Vaclav Prospal.
13:09 of 3rd period - Shot Misses the Net.
14:00 of 3rd period - Shot by Alexander Semin.
14:00 of 3rd period - Stopped by Martin Gerber without a rebound.
14:01 of 3rd period - Mats Sundin wins face-off versus David Vyborny in Lightning zone.
14:25 of 3rd period - Icing by Chris Phillips.
14:26 of 3rd period - David Vyborny wins face-off versus Jay Pandolfo in Lightning zone.
15:14 of 3rd period - Off-side.
15:15 of 3rd period - Brad Richards wins face-off versus Ryane Clowe in neutral zone.
15:31 of 3rd period - Shot by Alexander Semin.
15:31 of 3rd period - Stopped by Martin Gerber without a rebound.
15:32 of 3rd period - Eric Lindros wins face-off versus Richard Zednik in Lightning zone.
16:03 of 3rd period - Off-side.
16:04 of 3rd period - David Vyborny wins face-off versus Brad Richards in neutral zone.
16:25 of 3rd period - Shot by Chris Clark.
16:25 of 3rd period - Shot Misses the Net.
16:29 of 3rd period - Shot by Ryane Clowe.
16:29 of 3rd period - Stopped by Martin Gerber without a rebound.
16:30 of 3rd period - Brian Sutherby wins face-off versus Antti Laaksonen in Lightning zone.
16:31 of 3rd period - Shot by Alexander Ovechkin.
16:31 of 3rd period - Shot Blocked by Eric Lindros.
16:33 of 3rd period - Shot by Matt Cooke.
16:33 of 3rd period - Shot Misses the Net.
16:53 of 3rd period - Shot by Alexander Ovechkin.
16:53 of 3rd period - Stopped by Martin Gerber with a rebound.
16:55 of 3rd period - Shot by Brian Sutherby.
16:55 of 3rd period - Shot Misses the Net.
16:57 of 3rd period - Shot by Alexander Ovechkin.
16:57 of 3rd period - Stopped by Martin Gerber with a rebound.
16:59 of 3rd period - Shot by Bryan Muir.
16:59 of 3rd period - Shot Misses the Net.
17:10 of 3rd period - Off-side.
17:11 of 3rd period - David Vyborny wins face-off versus Brad Richards in neutral zone.
17:29 of 3rd period - Shot by David Vyborny.
17:29 of 3rd period - Shot Blocked by Chris Phillips.
17:33 of 3rd period - Shot by Chris Clark.
17:33 of 3rd period - Shot Blocked by Chris Phillips.
17:37 of 3rd period - Shot by Ryane Clowe.
17:37 of 3rd period - Shot Blocked by Chris Phillips.
18:06 of 3rd period - Trent Hunter is hit by Jaromir Jagr and loses puck.
18:07 of 3rd period - Trent Hunter from Capitals is injured at 18:07 of 3rd period (Knee).
18:08 of 3rd period - Dimitry Afanasenkov wins face-off versus Alexander Semin in Lightning zone.
18:08 of 3rd period - Carlo Colaiacovo is hit by Matt Cooke.
18:47 of 3rd period - Minor Penalty to Bryan Muir for Tripping.
18:48 of 3rd period - Mats Sundin wins face-off versus Dainius Zubrus in neutral zone.
19:39 of 3rd period - Shaone Morrisonn is hit by Jaromir Jagr.

Overtime #1

0:01 of 1st overtime period - Mats Sundin wins face-off versus Dainius Zubrus in neutral zone.
0:16 of 1st overtime period - Shot by Mats Sundin.
0:16 of 1st overtime period - Deflect By Jaromir Jagr.
0:16 of 1st overtime period - Stopped by Fredrik Norrena without a rebound.
0:17 of 1st overtime period - Brad Richards wins face-off versus Brian Sutherby in Capitals zone.
1:53 of 1st overtime period - Icing by Shaone Morrisonn.
1:54 of 1st overtime period - Brad Richards wins face-off versus Richard Zednik in Capitals zone.
2:52 of 1st overtime period - Jaromir Jagr is hit by David Vyborny.
3:09 of 1st overtime period - Eric Lindros is hit by Adrian Aucoin and loses puck.
4:35 of 1st overtime period - Shot by Matt Pettinger.
4:35 of 1st overtime period - Shot Misses the Net.
4:42 of 1st overtime period - Minor Penalty to Matt Pettinger for Slashing.
4:43 of 1st overtime period - Mats Sundin wins face-off versus Dainius Zubrus in Lightning zone.
4:43 of 1st overtime period - Mats Sundin is hit by Dainius Zubrus.

ShootOut

ShootOut - Penalty Shot by Vincent Lecavalier for Lightning.
ShootOut - Goal by Vincent Lecavalier.
ShootOut - Penalty Shot by Alexander Semin for Capitals.
ShootOut - Stopped by Martin Gerber.
ShootOut - Penalty Shot by Eric Lindros for Lightning.
ShootOut - Shot Misses the Net.
ShootOut - Penalty Shot by Alexander Ovechkin for Capitals.
ShootOut - Stopped by Martin Gerber.
ShootOut - Penalty Shot by Dimitry Afanasenkov for Lightning.
ShootOut - Goal by Dimitry Afanasenkov.


Output by the SimonT Hockey Simulator (STHS) for Stephane Roy -- Original Page W3C XHTML 1.0 Valid